 Dungeon Crawl Stone Soup version 0.31-a0-538-gbc85326fa9 (webtiles) character file.

Game seed: 15614738423893105872

76 HallandMoats the Trooper (level 4, 0/37 HPs)
             Began as a Demonspawn Monk on Aug 14, 2023.
             Slain by a gnoll
             ... wielding a +0 club
              (1 damage)
             ... on level 3 of the Dungeon.
             The game lasted 00:02:09 (2223 turns).

HallandMoats the Trooper (Demonspawn Monk)          Turns: 2223, Time: 00:02:09

Health: 0/37       AC:  5    Str: 13    XL:     4   Next: 12%
Magic:  6/6        EV: 13    Int: 11    God:
Gold:   95         SH:  0    Dex: 16    Spells: 3/3 levels left

rFire   . . .        a - +0 hand axe
rCold   . . .        d - orb {light}
rNeg    . . .        b - +0 robe
rPois   .            (no helmet)
rElec   .            (no cloak)
rCorr   .            (no gloves)
SInv    .            (no boots)
Will    .....        (no amulet)
Stlth   +            i - +4 ring of slaying
HPRegen 0.26/turn    (no ring)
MPRegen 0.10/turn

%: no passive effects
@: glowing
A: slimy green scales 2, foul stench 1
a: no special abilities


You were on level 3 of the Dungeon.
You visited 1 branch of the dungeon, and saw 3 of its levels.

You collected 95 gold pieces.

Inventory:

Hand Weapons
 a - a +0 hand axe (weapon)
Armour
 b - a +0 robe (worn)
 d - an orb of light (worn)
Jewellery
 i - a +4 ring of slaying (left hand)
 p - an amulet of faith
Scrolls
 f - 3 scrolls of identify {unknown}
 j - a scroll of teleportation {unknown}
 m - a scroll of poison {unknown}
 n - a scroll of fog {unknown}
 o - a scroll of blinking {unknown}
Potions
 c - a potion of ambrosia
 e - 2 potions of haste {unknown}
 g - a potion of degeneration {unknown}
 h - a potion of curing {unknown}
 k - a potion of attraction {unknown}
 l - a potion of mutation {unknown}


   Skills:
 + Level 4.1 Fighting
 - Level 2.6 Axes
 - Level 2.6 Dodging
 + Level 3.4 Invocations


You had 3 spell levels left.
You didn't know any spells.
Your spell library was empty.

Dungeon Overview and Level Annotations

Branches:
Dungeon (3/15)

Altars:


Innate Abilities, Weirdness & Mutations

You are mostly covered in slimy green scales. (AC +3)
You may rarely emit foul miasma when damaged in melee.


Message History

You begin to emit a foul stench of rot and decay.
You start resting.
HP restored.
You start waiting.
Done waiting.
You climb downwards.
There is a stone staircase leading up here.
You hit the gnoll.
The gnoll is moderately wounded.
The gnoll hits you with a +0 flail.
You hit the gnoll.
The gnoll is heavily wounded.
The gnoll hits you with a +0 flail! The gnoll barely misses you. x2
You hit the gnoll but do no damage.
The gnoll is heavily wounded.
You hit the gnoll but do no damage. The gnoll hits you but does no damage.
The gnoll misses you.
You hit the gnoll.
The gnoll is moderately wounded.
You hit the gnoll. The gnoll completely misses you.
The gnoll hits you with a +0 flail.
You hit the gnoll.
The gnoll is severely wounded.
You hit the gnoll but do no damage. The gnoll hits you with a +0 flail.
The gnoll barely misses you.
The gnoll hits you from afar with a +0 spear.
You hit the gnoll.
The gnoll is severely wounded.
You barely miss the gnoll. The gnoll misses you.
The gnoll hits you from afar with a +0 spear.
* * * LOW HITPOINT WARNING * * *
The gnoll closely misses you. The gnoll attacks as you move away!
The gnoll completely misses you. The gnoll barely misses you.
The gnoll hits you with a +0 club.
* * * LOW HITPOINT WARNING * * *
The gnoll hits you with a +0 spear.
* * * LOW HITPOINT WARNING * * *
The gnoll hits you with a +0 club.
You die...

......#####
#.#
.####.##
#.# #..###
#.# ##...#
#.# ###.###
#.#
#.g.####.##
###g..##..#
###...#g#
###g#@#
#.#g# #..g#
##..# ####


You could see 3 gnolls.

Vanquished Creatures
  2 gnolls
  An adder (D:2)
  3 dart slugs
  7 ball pythons
  4 bats
  3 endoplasms (D:1)
  3 giant cockroaches
  2 goblins
  A hobgoblin (D:1)
  8 kobolds
  2 quokkas
  3 frilled lizards
  2 rats (D:2)
41 creatures vanquished.

Notes
Turn   | Place    | Note
-------+----------+-------------------------------------------
     0 | D:1      | HallandMoats the Demonspawn Monk began the quest for the
                  | Orb.
     0 | D:1      | Reached XP level 1. HP: 18/18 MP: 1/1
   324 | D:1      | Reached skill level 1 in Invocations
   455 | D:1      | Gained mutation: You are partially covered in slimy green
                  | scales. (AC +2) [demonic ancestry]
   455 | D:1      | Reached XP level 2. HP: 16/24 MP: 1/3
   686 | D:1      | Gained mutation: You are mostly covered in slimy green
                  | scales. (AC +3) [demonic ancestry]
   686 | D:1      | Reached XP level 3. HP: 24/29 MP: 4/4
  1420 | D:2      | Reached skill level 4 in Fighting
  1984 | D:2      | Gained mutation: You may rarely emit foul miasma when
                  | damaged in melee. [demonic ancestry]
  1984 | D:2      | Reached XP level 4. HP: 3/37 MP: 6/6
  2222 | D:3      | HP: 1/37 [gnoll/+0 spear (3)]
  2223 | D:3      | Slain by a gnoll

Illustrated notes

Levels and vault maps discovered:
D:1:      roderic_crop_circles_arrival_small, layout_loops_ring
D:2:      layout_basic, chequers_decorated_corner
D:3:      layout_rooms, hellmonk_okawaru_the_only_friend_you_need,
          nicolae_overflow_two_pavilions, shapermc_ecumenical_altar_venn

Skill      XL: |  1  2  3 |
---------------+----------+-----
Invocations    | 1 2 3 |  3.4
Fighting       | 4 |  4.1
Axes           | |  2.6
Dodging        | |  2.6

Action                     |  1- 3 |  4- 6 || total
---------------------------+-------+-------++-------
  Melee: Hand axe          |   302 |     6 ||   308
 Armour: Robe              |    35 |     1 ||    36
  Dodge: Dodged            |    65 |     9 ||    74

Table legend: (Time is in decaauts)
 A = Elapsed time spent in this place.
 B = Non-inter-level travel time spent in this place.
 C = Inter-level travel time spent in this place.
 D = Time resting spent in this place.
 E = Time spent auto-exploring this place.
 F = Levels seen in this place.
 G = Mean time per level.
                   A        B        C        D        E       F      G
               +--------+--------+--------+--------+--------+-----+--------+
         Total |   2275 |   2184 |     91 |    254 |   1311 |   3 |  758.3 |
       Dungeon |   2275 |   2184 |     91 |    254 |   1311 |   3 |  758.3 |
               +--------+--------+--------+--------+--------+-----+--------+

Top non-repeatable levels by time:
     D:2: 1176 daAuts
     D:1: 1046 daAuts
     D:3: 52 daAuts
